 Dungeon Crawl Stone Soup version 0.28-a0-529-g3bad584f25 (webtiles) character file.

Game seed: 17248119316493288417

7364 lunkers the Cleaver (level 10, -11/94 HPs)
             Began as a Minotaur Cinder Acolyte on Sept 24, 2021.
             Was a High Priest of Ignis.
             Killed from afar by a raiju (15 damage)
             ... with a living lightning
             ... on level 2 of the Abyss on Sept 27, 2021.
             The game lasted 00:14:35 (13096 turns).

lunkers the Cleaver (Minotaur Cinder Acolyte)      Turns: 13096, Time: 00:14:36

Health: -11/94     AC: 10    Str: 23    XL:     10   Next: 91%
Magic:  10/10      EV: 10    Int: 11    God:    Ignis [*****.]
Gold:   556        SH:  0    Dex:  5    Spells: 9/11 levels left

rFire   + . .      SeeInvis .   e - +2 broad axe (vamp)
rCold   . . .      Faith    .   (no shield)
rNeg    . . .      Spirit   .   f - +0 swamp dragon scales
rPois   +          Reflect  .   (helmet restricted)
rElec   .          Harm     .   (no cloak)
rCorr   .          Rampage  .   j - +0 pair of gloves
Will    .....                   (no boots)
Stlth   ..........              (no amulet)
HPRegen 0.25/turn               r - ring of poison resistance
MPRegen 0.12/turn               (no ring)

@: hasted, very quick
A: horns 2, retaliatory headbutt
a: Renounce Religion, Sea of Fire, Foxfire Swarm, Rising Flame


You were on level 2 of the Abyss.
You worshipped Ignis.
Ignis was extremely pleased with you.
You visited 1 branch of the dungeon, and saw 10 of its levels.
You visited the Abyss 1 time.

You collected 556 gold pieces.

Inventory:

Hand Weapons
 a - a +3 battleaxe of freezing
 b - a +1 war axe of flaming
 e - a +2 vampiric broad axe (weapon)
Missiles
 o - 4 throwing nets
Armour
 c - a +0 plate armour
 f - +0 swamp dragon scales (worn)
 j - a +0 pair of gloves (worn)
 n - a +0 chain mail
 q - a +0 kite shield
 C - a +0 tower shield
Jewellery
 k - a ring of fire
 r - a ring of poison resistance (left hand)
Wands
 l - a wand of iceblast (2)
 m - a wand of digging (6)
 s - a wand of acid (1)
 A - a wand of polymorph (1)
Scrolls
 d - 2 scrolls of teleportation
 h - 3 scrolls of identify
 i - a scroll of enchant weapon
 p - a scroll of summoning
 u - a scroll of amnesia {unknown}
Potions
 g - 5 potions of curing
 t - a potion of lignification {unknown}
 v - a potion of attraction
 x - 2 potions of brilliance
 z - a potion of haste
 B - a potion of mutation {unknown}


   Skills:
 + Level 10.6 Fighting
 * Level 14.3 Axes
 + Level 7.9 Armour
 - Level 1.0 Spellcasting
 - Level 2.1 Fire Magic
 - Level 5.0 Evocations


You had 9 spell levels left.
You knew the following spells:

 Your Spells              Type           Power      Damage    Failure   Level
b - Scorch                Fire           10%        2d6       28%         2

Your spell library contained the following spells:

 Spells                   Type           Power      Damage    Failure   Level
 Corpse Rot               Necr/Air       N/A        N/A       56%         2
 Ensorcelled Hibernation  Hex/Ice        0%         N/A       56%         2
 Poisonous Vapours        Pois/Air       0%         N/A       56%         2
 Slow                     Hex            0%         N/A       56%         2
 Sublimation of Blood     Necr           0%         N/A       56%         2
 Conjure Flame            Conj/Fire      2%         6-21      65%         3
 Ignite Poison            Fire/Tmut/Pois 2%         N/A       71%         3
 Confusing Touch          Hex            0%         N/A       80%         3
 Gell's Gravitas          Tloc           0%         N/A       80%         3
 Summon Guardian Golem    Hex/Summ       0%         N/A       80%         3
 Teleport Other           Tloc           0%         N/A       80%         3
 Tukima's Dance           Hex            0%         N/A       80%         3
 Vampiric Draining        Necr           0%         2d6       80%         3
 Flame Wave               Conj/Fire      2%         3d3       96%         4
 Petrify                  Tmut/Erth      0%         N/A       99%         4
 Borgnjor's Vile Clutch   Necr/Erth      0%         N/A       100%        5
 Fireball                 Conj/Fire      1%         3d3       100%        5
 Irradiate                Conj/Tmut      0%         3d13      100%        5
 Dispersal                Tloc           0%         N/A       100%        6
 Orb of Destruction       Conj           0%         N/A       100%        7
 Spellforged Servitor     Conj/Summ      0%         N/A       100%        7


Dungeon Overview and Level Annotations

Branches:
Dungeon (10/15)            Temple (0/1) D:4            Lair (0/6) D:9
    Orc: D:9-12

Altars:
Cheibriados
Nemelex Xobeh
Ru

Shops:
D:4 [   D:8 [

Annotations:
D:10 Erolcha


Innate Abilities, Weirdness & Mutations

You have a pair of horns on your head.
You reflexively headbutt those who attack you in melee.


Message History

You closely miss the raiju.
You headbutt the raiju, but do no damage.
The raiju is lightly wounded.
The raiju bursts into living lightning!
The living lightning hits you!
* * * LOW HITPOINT WARNING * * *
The raiju blinks!
You feel yourself speed up.
You feel better. The raiju barely misses you. You furiously retaliate!
You headbutt the raiju! You miss the raiju. You headbutt the raiju.
The raiju is heavily wounded.
The raiju closely misses you.
You completely miss the raiju.
The raiju is heavily wounded.
You closely miss the raiju.
The raiju is heavily wounded.
The raiju bursts into living lightning!
The living lightning hits you!
* * * LOW HITPOINT WARNING * * *
The living lightning hits the raiju.
The raiju completely resists.
The raiju blinks! x3; The raiju bites you.
* * * LOW HITPOINT WARNING * * *
The raiju shocks you!
* * * LOW HITPOINT WARNING * * *
You hit the raiju.
The raiju is severely wounded.
You miss the raiju. The raiju bites you but does no damage.
Unknown command.
You barely miss the raiju.
The raiju is severely wounded.
You slash the raiju! The raiju barely misses you. You furiously retaliate!
You headbutt the raiju!
Unknown command.
You slash the raiju!
You kill the raiju!
You miss the raiju.
The raiju bursts into living lightning!
The living lightning hits you!
You die...

. .# #. ##. .# ..
#.. # h## #
#..####$.# #.
#..#@# ###.
#..h#..# .#.##
##..#### .. ..#
.......#
..........#..#..#
..... ..
........#. ...
... ....?.....#
...
#....##_..#....
......#.## #... #
.


You could see 2 raiju.

Vanquished Creatures
  A two-headed ogre (D:9)
  Maggie (D:7)
  A cane toad (D:8)
  A komodo dragon (D:9)
  A raiju (Abyss:2)
  Grinder (D:5)
  A snapping turtle (D:10)
  A wyvern (D:8)
  5 yaks (D:9)
  2 vampire mosquitoes
  A steam dragon (D:7)
  A water moccasin (D:5)
  An acid dragon (D:8)
  4 orc warriors
  7 ogres
  3 centaurs
  A phantom (D:4)
  Blork the orc (D:5)
  3 kobold brigands
  3 bullfrogs
  18 killer bees
  15 wights
  4 howler monkeys
  A bullfrog zombie (D:7)
  2 centaur zombies
  6 hounds
  4 orc priests
  A gnoll shaman (D:4)
  2 bullfrog skeletons (D:5)
  2 orc wizards
  Terence (D:2)
  An iguana (D:4)
  A scorpion zombie (D:5)
  3 killer bee zombies
  2 hound skeletons
  A howler monkey zombie (D:6)
  5 adders
  3 gnolls (D:4)
  A white imp (D:7)
  An ufetubus (D:4)
  2 worms
  2 dart slugs
  20 orcs
  3 endoplasms
  2 giant cockroaches
  5 goblins
  3 hobgoblins
  3 jackals (D:2)
  5 quokkas
  A ball python (D:2)
  7 bats
  5 frilled lizards
  19 kobolds
  5 rats
196 creatures vanquished.

Vanquished Creatures (others)
  A bush (D:9)
  34 plants (D:9)
35 creatures vanquished.

Grand Total: 231 creatures vanquished

Notes
Turn   | Place    | Note
-------+----------+-------------------------------------------
     0 | D:1      | lunkers the Minotaur Cinder Acolyte began the quest for the
                  | Orb.
     0 | D:1      | Reached XP level 1. HP: 19/19 MP: 1/1
   281 | D:1      | Reached skill level 4 in Axes
   343 | D:1      | Reached XP level 2. HP: 10/27 MP: 2/2
   941 | D:1      | Found a faded altar of an unknown god.
  1047 | D:1      | Learned a level 2 spell: Scorch
  1471 | D:2      | Reached XP level 3. HP: 18/33 MP: 3/3
  1647 | D:2      | Reached skill level 5 in Axes
  1839 | D:2      | Noticed Terence
  1867 | D:2      | Killed Terence
  1868 | D:2      | Reached XP level 4. HP: 25/41 MP: 1/4
  2769 | D:3      | Reached skill level 6 in Axes
  2775 | D:3      | Reached XP level 5. HP: 36/47 MP: 5/5
  2923 | D:3      | Reached skill level 5 in Fighting
  3276 | D:3      | Got the Handbook of Ashen Heat
  3985 | D:4      | You fall into a shaft and drop 3 floors!
  4029 | D:6      | Noticed an orc warrior
  4030 | D:6      | Reached skill level 1 in Evocations
  4040 | D:5      | Entered Level 5 of the Dungeon
  4066 | D:5      | Reached XP level 6. HP: 56/56 MP: 6/6
  4077 | D:5      | Noticed a water moccasin
  4084 | D:5      | Killed a water moccasin
  4085 | D:5      | Reached skill level 7 in Axes
  4091 | D:5      | Noticed Blork the orc
  4313 | D:4      | Reached XP level 7. HP: 21/63 MP: 7/7
  4558 | D:4      | Found a staircase to the Ecumenical Temple.
  4684 | D:4      | Found Veomisk's Antique Armour Shoppe.
  5278 | D:5      | Reached skill level 8 in Axes
  5305 | D:5      | Killed Blork the orc
  5623 | D:5      | Noticed Grinder
  5632 | D:5      | Killed Grinder
  5633 | D:5      | Reached skill level 9 in Axes
  5633 | D:5      | Reached XP level 8. HP: 59/71 MP: 8/8
  5811 | D:5      | Reached skill level 1 in Armour
  6633 | D:6      | Reached skill level 10 in Axes
  7665 | D:7      | Reached XP level 9. HP: 64/81 MP: 9/9
  8193 | D:7      | Found a snail-covered altar of Cheibriados.
  8212 | D:7      | Reached skill level 11 in Axes
  8516 | D:7      | Noticed Maggie
  8522 | D:7      | Killed Maggie
  8523 | D:7      | Reached skill level 5 in Evocations
  8751 | D:7      | Reached skill level 5 in Armour
  9023 | D:7      | Found a sacrificial altar of Ru.
  9195 | D:8      | Reached skill level 12 in Axes
  9483 | D:8      | Found Ziohiodo's Antique Armour Shoppe.
  9711 | D:8      | Noticed Harold
  9712 | D:8      | Noticed Harold
  9712 | D:8      | Harold changed into Harold the cane toad
  9714 | D:8      | Killed Harold the cane toad
  9715 | D:8      | Reached XP level 10. HP: 91/91 MP: 10/10
 10217 | D:9      | Reached skill level 13 in Axes
 11189 | D:9      | Reached skill level 10 in Fighting
 11492 | D:9      | Noticed a two-headed ogre
 11502 | D:9      | Killed a two-headed ogre
 11503 | D:9      | Reached skill level 14 in Axes
 11895 | D:9      | Found a sparkling altar of Nemelex Xobeh.
 12379 | D:9      | Found a staircase to the Lair.
 12764 | D:10     | Entered Level 10 of the Dungeon
 12764 | D:10     | Noticed a two-headed ogre
 12767 | D:10     | a two-headed ogre changed into a snapping turtle
 13063 | D:10     | Noticed Erolcha
 13065 | D:10     | Cast into level 2 of the Abyss (Erolcha)
 13069 | Abyss:2  | Found a corrupted altar of Lugonu.
 13093 | Abyss:2  | HP: 3/94 [raiju (7)]
 13096 | Abyss:2  | Killed from afar by a raiju

Illustrated notes

Levels and vault maps discovered:
D:1:      amcnicky_arrival_gap_in_the_tavern_cellar, layout_basic,
          dreamdust_ecumenical_altar_hidden_monk_grotto,
          chequers_serial_rivers_micro_e
D:2:      wad_crossroads, layout_loops_corners, grunt_decor_cap, uniq_terence
D:3:      layout_loops_ring
D:4:      layout_layer_cave, minmay_temple_entry_steel_oval, serial_shops,
          nicolae_square_shop
D:5:      layout_rooms, minmay_between, uniq_grinder, uniq_blork_the_orc
D:6:      layout_cave_pools
D:7:      layout_rooms, nicolae_ru_path_of_blood, cheibriados_altar_1,
          uniq_maggie
D:8:      layout_basic, serial_shops, nicolae_shop_stone, uniq_harold
D:9:      layout_basic, nemelex_diamond_rough_becter, david_lair_shrubbed,
          kb_lookout_dungeons_type
D:10:     layout_rooms, nicolae_hepliaklqana_hippocampus, uniq_erolcha
Abyss:2:  base:
D:7

Skill      XL: |  1  2  3  4  5  6  7  8  9 10 |
---------------+-------------------------------+-----
Axes           | 4 5 6 7 9 10 12 14 | 14.3
Fighting       | 4 5 6 7 9 10 | 10.6
Evocations     | 1 2 3 4 5 |  5.0
Armour         | 3 5 7 |  7.9
Spellcasting   | |  1.0
Fire Magic     | |  2.1

Action                   |  1- 3 |  4- 6 |  7- 9 | 10-12 || total
-------------------------+-------+-------+-------+-------++-------
Melee: Hand axe          |    77 |    86 |       |       ||   163
       Headbutt          |     8 |    12 |    25 |    24 ||    69
       War axe           |       |    21 |   124 |       ||   145
       Broad axe         |       |       |    51 |   184 ||   235
       Battleaxe         |       |       |    48 |       ||    48
 Cast: Scorch            |     1 |       |       |       ||     1
Evoke: Wand              |     1 |     1 |     9 |     5 ||    16
  Use: Scroll            |       |       |    13 |       ||    13
       Potion            |       |       |       |     2 ||     2
Armor: Robe              |     5 |       |       |       ||     5
       Ring mail         |    25 |    13 |       |       ||    38
       Scale mail        |       |    25 |    50 |       ||    75
       Chain mail        |       |       |    19 |       ||    19
       Swamp dragon scal |       |       |    15 |    85 ||   100
       Plate armour      |       |       |     2 |       ||     2
Dodge: Dodged            |    49 |    75 |   101 |   118 ||   343

Table legend: (Time is in decaauts)
 A = Elapsed time spent in this place.
 B = Non-inter-level travel time spent in this place.
 C = Inter-level travel time spent in this place.
 D = Time resting spent in this place.
 E = Time spent auto-exploring this place.
 F = Levels seen in this place.
 G = Mean time per level.
                   A        B        C        D        E       F      G
               +--------+--------+--------+--------+--------+-----+--------+
         Total |  13108 |  12799 |    309 |   2105 |   9174 |  11 | 1191.6 |
       Dungeon |  13080 |  12771 |    309 |   2105 |   9163 |  10 | 1308.0 |
         Abyss |     27 |     27 |      0 |      0 |     11 |   1 |   27.0 |
               +--------+--------+--------+--------+--------+-----+--------+

Top non-repeatable levels by time:
     D:9: 2206 daAuts
     D:4: 1764 daAuts
     D:7: 1413 daAuts
     D:8: 1386 daAuts
     D:2: 1352 daAuts
     D:6: 1322 daAuts
     D:5: 1280 daAuts
     D:1: 1199 daAuts
     D:3: 855 daAuts
    D:10: 300 daAuts
 Abyss:2: 27 daAuts
